 Dungeon Crawl Stone Soup version 0.17-a0-2073-gde5cdba (webtiles) character file.

44646 ventricule the Martial Artist (level 14, -3/158 HPs)
             Began as a Kobold Transmuter on Oct 15, 2015.
             Was a High Priest of Qazlal.
             Slain by a six-headed hydra (11 damage)
             ... on level 7 of the Lair of Beasts.
             The game lasted 02:20:29 (28894 turns).

ventricule the Martial Artist (Kobold Transmuter)  Turns: 28894, Time: 02:20:30

Health: -3/158     AC:  9    Str: 16    XL:     14   Next: 66%
Magic:  20/24      EV: 18    Int: 12    God:    Qazlal [*****.]
Gold:   957        SH:  6    Dex: 18    Spells: 7 memorised, 4 levels left

rFire  x . .     SeeInvis .       - Unarmed
rCold  + + +     Clarity  .     (armour currently unavailable)
rNeg   . . .     SustAt   .     (shield currently unavailable)
rPois  +         Gourm    .     (helmet currently unavailable)
rElec  .         Spirit   .     (cloak currently unavailable)
rCorr  .         Warding  .     (gloves currently unavailable)
rMut   .         Stasis   .     (boots currently unavailable)
MR     +....                    (no amulet)
Stlth  ..........               b - +1 ring of evasion
                                U - ring of wizardry

@: berserking, ice-form, protected from physical damage, repel missiles, very
quick, somewhat resistant to hostile enchantments, extremely unstealthy
A: carnivore 3
a: End Transformation, Upheaval, Elemental Force, Disaster Area, Renounce
Religion


You were on level 7 of the Lair of Beasts.
You worshipped Qazlal.
Qazlal was extremely pleased with you.
You were very full.
You were a creature of crystalline ice.
You visited 4 branches of the dungeon, and saw 19 of its levels.
You also visited: Sewer.

You collected 1279 gold pieces.
You spent 322 gold pieces at shops.


Innate Abilities, Weirdness & Mutations

You are small and have problems with some larger weapons.
You are carnivorous and can eat meat at any time.


   Skills:
 - Level 10.1 Fighting
 - Level 0.7 Armour
 - Level 10.0 Dodging
 - Level 10.5 Unarmed Combat
 - Level 7.0 Spellcasting
 - Level 10.0 Transmutations
 - Level 4.7 Ice Magic
 + Level 6.6 Earth Magic
 - Level 3.1 Poison Magic
 - Level 10.3 Invocations
 - Level 6.1 Evocations


You had 4 spell levels left.
You knew the following spells:

 Your Spells              Type           Power        Failure   Level  Hunger
a - Stoneskin             Trmt/Erth      ###.....     1%          2    #......
c - Ice Form              Ice/Trmt       ###.....     4%          4    ####...
v - Blade Hands           Trmt           ####......   4%          5    ######.
x - Spider Form           Trmt/Pois      ###.......   1%          3    ###....
z - Beastly Appendage     Trmt           ####..       1%          1    None
X - Statue Form           Trmt/Erth      ###......    47%         6    #######
Z - Sticks to Snakes      Trmt           ####......   1%          2    #......

Inventory:

Hand Weapons
 o - a +1 hunting sling
 F - a +0 blowgun
Missiles
 m - 76 poisoned needles
 p - 9 sling bullets of flame
 t - 10 tomahawks (quivered)
 O - 94 arrows
Armour
 y - a +1 pair of gloves of strength (melded)
 K - a +2 cloak (melded)
 Y - a +1 pair of boots (melded)
 Z - the +1 robe of the Raven (melded) {Str+6}
   (You found it on level 1 of the Lair of Beasts)

   It affects your strength (+6).
Jewellery
 a - a ring of wizardry
 b - a +1 ring of evasion (right front paw)
 c - an amulet of stasis
 e - a ring of see invisible
 r - a ring of flight
 U - a ring of wizardry (left front paw)
 X - the ring of Leipp {rElec EV+2 Int-2 SInv}
   (You found it on level 1 of the Lair of Beasts)

   [ring of evasion]

   It affects your evasion (+2).
   It affects your intelligence (-2).
   It insulates you from electricity.
   It lets you see invisible.
Wands
 f - a wand of teleportation (3) {!d@v4}
 x - a wand of polymorph (11)
 A - a wand of confusion (8)
 L - a wand of draining (3)
 M - a wand of draining (9)
Scrolls
 g - 5 scrolls of amnesia
 n - 2 scrolls of remove curse
 s - 6 scrolls of teleportation {@r4}
 w - a scroll of vulnerability {!r}
 z - a scroll of immolation {!r}
 C - 3 scrolls of enchant armour
 E - 3 scrolls of fog
 G - a scroll of random uselessness {unknown}
 H - 2 scrolls of recharging
Potions
 j - 4 potions of flight
 k - 2 potions of cancellation
 l - 3 potions of haste {@q3}
 v - 2 potions of ambrosia {!q}
 B - 6 potions of curing {@q1}
 I - a potion of agility
 Q - a potion of resistance
 S - 2 potions of might {unknown}
Books
 q - a book of Transfigurations
 V - a book of the Tempests
Miscellaneous
 T - a lamp of fire
 W - a phantom mirror
Comestibles
 d - 8 meat rations
 h - 3 slices of pizza
 i - a royal jelly
 D - 4 beef jerkies

Dungeon Overview and Level Annotations

Branches:
Dungeon (9/15)             Temple (1/1) D:5            Lair (8/8) D:9
  Swamp (0/4) Lair:6        Snake (1/4) Lair:5        Slime (0/6) Lair:8
    Orc (0/4) D:9

Altars:
Dithmenos
Elyvilon
Fedhas
Gozag
Kikubaaqudgha
Makhleb
Nemelex Xobeh
Qazlal
Ru
Sif Muna
Trog
Vehumet
Xom
Yredelemnul
Zin
The Shining One

Shops:
D:4 !   D:5 ?   D:7 [

Annotations:
D:8 1 runed door

....####.........#
######..........##
#P...÷.P...## #...........##
##....P.P.P.#.##
#.#>[..........##### ####
##........#..r..##.####..#
#........#Y#Dh...#..##.##
#.P###...#†Y#h#f.r.....##
######...#.###h.........####
###..f#### #...........##.
###.#...# #..............
#.#..#### #.............#
#.#..# ##......).##[#.
#####..## #.......####D.
##.#..#..# #.......###.h.
#......#.# #.....##.##..h


You could see a six-headed hydra, an elephant, a wolf and a porcupine.


Message History

The elephant is heavily wounded.
You block the wolf's attack.
The elephant is engulfed in roaring flames.
You block the elephant's attack. The elephant closely misses you.
You hit the elephant but do no damage.
The elephant is severely wounded.
The wolf misses you.
The six-headed hydra is engulfed in freezing vapours.
The elephant is engulfed in roaring flames.
The elephant tramples you!
* * * LOW HITPOINT WARNING * * *
You feel protected from physical attacks.
You hold your ground!
You block the elephant's attack.
Drink which item? (? for menu, Esc to quit)
Really quaff
J - a potion of berserk rage {!q}?
A red film seems to cover your vision as you go berserk!
You feel yourself moving faster!
You feel mighty!
The elephant is engulfed in roaring flames.
The elephant barely misses you. The elephant closely misses you.
You pummel the six-headed hydra!! You freeze the six-headed hydra.
The six-headed hydra is almost dead.
The six-headed hydra bites you!
* * * LOW HITPOINT WARNING * * *
The six-headed hydra bites you!
* * * LOW HITPOINT WARNING * * *
The six-headed hydra bites you!
* * * LOW HITPOINT WARNING * * *
You feel more protected from physical attacks.
The six-headed hydra bites you!
You die...

Action                   |  1- 3 |  4- 6 |  7- 9 | 10-12 | 13-15 || total
-------------------------+-------+-------+-------+-------+-------++-------
Melee: Unarmed           |    67 |   210 |   337 |   635 |   466 ||  1715
 Fire: Blowgun           |       |       |       |     6 |     1 ||     7
Throw: Tomahawk          |    10 |       |     3 |       |     8 ||    21
 Cast: Beastly Appendage |    27 |    35 |    21 |     6 |       ||    89
       Sticks to Snakes  |     4 |    30 |    36 |    10 |     8 ||    88
       Spider Form       |       |     6 |    35 |    29 |     2 ||    72
       Ice Form          |       |       |       |    42 |    50 ||    92
       Blade Hands       |       |       |       |     2 |     5 ||     7
       Stoneskin         |       |       |       |       |     1 ||     1
Invok: Elemental Force   |       |       |       |       |     2 ||     2
       Upheaval          |       |       |       |       |     1 ||     1
       Disaster Area     |       |       |       |       |     1 ||     1
Evoke: Wand              |       |       |       |       |     4 ||     4
  Use: Scroll            |     2 |     9 |     3 |     8 |    10 ||    32
       Potion            |       |     1 |     1 |     2 |     2 ||     6
 Stab: Sleeping          |     1 |       |     2 |       |       ||     3
       Distracted        |       |       |       |       |     2 ||     2
  Eat: Chunk             |    13 |    16 |    25 |    47 |    38 ||   139

Vault maps used:
D:1:      arrival_aquarium_a, minmay_strange_pillars
D:2:      guppyfry_early_orc_mine
D:3:      kennysheep_doodads
D:4:      portal_sewer_entry_a, serial_shops, nicolae_shop_behind_doors
D:5:      lemuel_temple_firewalk, serial_shops, shop_statue, first_bread
D:6:      tgw_sif, uniq_pikel
D:7:      serial_shops, nicolae_shop_waterfront, uniq_duvessa
D:8:      lemuel_insect_pit, gammafunk_temple_overflow_claw, basic_altar
D:9:      kennysheep_six_static_rooms, erik_lair_island
Temple:   nicolae_temple_x_marks_the_god_16
Lair:2:   lemuel_ratsnest, lemuel_fruit_fields
Lair:4:   lemuel_fruit_tree
Lair:5:   guppyfry_snake_entry_island
Lair:6:   nicolae_swamp_entry_splash_gauntlet, uniq_maud
Lair:8:   minmay_lair_end_enchanted_forest, minmay_slime_entry_pillars,
          nicolae_volcano_entry_lava_flow
Snake:1:  portal_ice_cave_entry_imps, serial_shops, nicolae_shop_trees,
          grunt_megastairs_2, serial_bayou_shore_a
Sewer:    sewer_co_tree

Notes
Turn   | Place    | Note
--------------------------------------------------------------
     0 | D:1      | ventricule the Kobold Transmuter began the quest for the Orb.
     0 | D:1      | Reached XP level 1. HP: 12/12 MP: 3/3
    11 | D:1      | Noticed an electric eel
   127 | D:1      | Reached skill level 2 in Transmutations
   326 | D:1      | Reached XP level 2. HP: 16/16 MP: 3/5
   372 | D:1      | Learned a level 2 spell: Sticks to Snakes
   910 | D:2      | Reached XP level 3. HP: 20/20 MP: 4/6
  1362 | D:2      | Reached skill level 3 in Transmutations
  1367 | D:2      | Learned a level 3 spell: Spider Form
  1837 | D:2      | Reached skill level 1 in Poison Magic
  1896 | D:2      | Reached XP level 4. HP: 21/25 MP: 5/7
  3757 | D:3      | Reached XP level 5. HP: 23/29 MP: 1/8
  4121 | D:4      | Found a glowing drain.
  4155 | D:4      | Reached skill level 2 in Poison Magic
  4213 | Sewer    | Entered a sewer
  4232 | Sewer    | Noticed derrpe's ghost (amateur OgWz)
  4495 | D:4      | Reached skill level 4 in Unarmed Combat
  4919 | D:4      | Found Orchavogi's Distillery.
  4922 | D:4      | Bought a potion of haste for 100 gold pieces
  4955 | D:4      | Noticed a giant frog
  4962 | D:4      | Killed a giant frog
  4962 | D:4      | Reached XP level 6. HP: 34/34 MP: 5/9
  5198 | D:4      | Reached skill level 4 in Transmutations
  5370 | D:5      | Entered Level 5 of the Dungeon
  5384 | D:5      | Reached skill level 3 in Poison Magic
  5462 | D:5      | Reached XP level 7. HP: 38/38 MP: 4/10
  5529 | D:5      | Noticed a water moccasin
  5544 | D:5      | Killed a water moccasin
  5544 | D:5      | Reached skill level 2 in Fighting
  5544 | D:5      | Reached skill level 3 in Dodging
  5544 | D:5      | Reached skill level 5 in Unarmed Combat
  6177 | D:5      | Reached skill level 4 in Dodging
  6305 | D:5      | Reached skill level 3 in Fighting
  6353 | D:5      | Found Vipeg Xympu's Magic Scroll Emporium.
  6358 | D:5      | Reached XP level 8. HP: 32/46 MP: 7/11
  6455 | D:5      | Bought a scroll of teleportation for 33 gold pieces
  6455 | D:5      | Bought a scroll of magic mapping for 38 gold pieces
  6455 | D:5      | Bought a scroll of identify for 22 gold pieces
  7017 | D:5      | Found a staircase to the Ecumenical Temple.
  7068 | Temple   | Entered the Ecumenical Temple
  7074 | Temple   | Became a worshipper of Qazlal Stormbringer
  7085 | Temple   | Learned a level 4 spell: Ice Form
  7692 | D:6      | Reached skill level 4 in Fighting
  7692 | D:6      | Reached skill level 5 in Dodging
  7692 | D:6      | Reached skill level 6 in Unarmed Combat
  7923 | D:6      | Noticed Pikel
  8170 | D:6      | Noticed Ohli's ghost (novice MiFi)
  8300 | D:6      | Killed Pikel
  8300 | D:6      | Reached skill level 6 in Dodging
  8300 | D:6      | Reached skill level 7 in Unarmed Combat
  8300 | D:6      | Reached XP level 9. HP: 45/52 MP: 3/12
  8346 | D:6      | Reached skill level 7 in Dodging
  9135 | D:6      | Reached * piety under Qazlal
  9369 | D:7      | Noticed Duvessa
  9377 | D:7      | Killed Duvessa
  9377 | D:7      | Reached skill level 8 in Dodging
  9377 | D:7      | Reached skill level 8 in Unarmed Combat
  9380 | D:7      | Noticed Dowan
  9387 | D:7      | Killed Dowan
  9750 | D:7      | Found Galaffast's Armour Boutique.
  9758 | D:7      | Bought a +0 cloak for 63 gold pieces
 10815 | D:7      | Reached skill level 9 in Unarmed Combat
 10995 | D:8      | Reached XP level 10. HP: 57/57 MP: 6/13
 11012 | D:8      | Reached ** piety under Qazlal
 11160 | D:8      | Reached skill level 5 in Transmutations
 11160 | D:8      | Reached skill level 1 in Ice Magic
 11215 | D:8      | Reached skill level 2 in Ice Magic
 11265 | D:8      | Found a basalt altar of Yredelemnul.
 11631 | D:8      | Found a runed door.
 11643 | D:8      | Found a runed door.
 11661 | D:8      | Reached skill level 3 in Ice Magic
 11774 | D:8      | Reached skill level 3 in Spellcasting
 11787 | D:8      | Learned a level 5 spell: Blade Hands
 11793 | D:8      | Found a basalt altar of Yredelemnul.
 11793 | D:8      | Found a deep blue altar of Sif Muna.
 11794 | D:8      | Found a burning altar of Makhleb.
 12005 | D:8      | Reached skill level 6 in Transmutations
 12206 | D:6      | Killed Ohli's ghost
 12213 | D:6      | Reached skill level 4 in Ice Magic
 12551 | D:6      | Noticed Blork the orc
 12765 | D:6      | Killed Blork the orc
 12863 | D:6      | Found a deep blue altar of Sif Muna.
 13063 | D:9      | Found a staircase to the Orcish Mines.
 13228 | D:9      | Reached skill level 9 in Dodging
 13633 | D:8      | Reached skill level 4 in Spellcasting
 13966 | D:9      | Reached XP level 11. HP: 61/61 MP: 13/17
 13967 | D:9      | Noticed a griffon
 14141 | D:9      | Reached *** piety under Qazlal
 14290 | D:9      | Reached skill level 7 in Transmutations
 14309 | D:9      | Found a staircase to the Lair.
 14492 | D:9      | Gained mutation: You occasionally shout uncontrollably at your foes. [mutagenic meat]
 14493 | D:9      | Gained mutation: You are weak. (Str -2) [mutagenic meat]
 14494 | D:9      | Lost mutation: You are weak. (Str -2) [potion of cure mutation]
 14494 | D:9      | Lost mutation: You occasionally shout uncontrollably at your foes. [potion of cure mutation]
 14617 | D:9      | Killed a griffon
 15247 | Lair:1   | Entered Level 1 of the Lair of Beasts
 15255 | Lair:1   | Reached skill level 10 in Unarmed Combat
 15271 | Lair:1   | Reached skill level 8 in Transmutations
 15801 | Lair:1   | Got a heavily runed platinum ring
 15803 | Lair:1   | Identified the ring of Leipp {rElec EV+2 Int-2 SInv} (You found it on level 1 of the Lair of Beasts)
 16163 | Lair:1   | Got a tattered robe
 16216 | Lair:1   | Identified the +1 robe of the Raven {Str+6} (You found it on level 1 of the Lair of Beasts)
 16689 | Lair:1   | Reached skill level 1 in Invocations
 16694 | Lair:1   | Reached **** piety under Qazlal
 17196 | Lair:2   | Reached skill level 2 in Invocations
 17215 | Lair:2   | Reached skill level 5 in Fighting
 17215 | Lair:2   | Reached XP level 12. HP: 54/68 MP: 13/18
 17338 | Lair:2   | Reached skill level 10 in Dodging
 17338 | Lair:2   | Reached skill level 9 in Transmutations
 17498 | Lair:2   | Reached skill level 3 in Invocations
 18038 | Lair:2   | Reached ***** piety under Qazlal
 18652 | Lair:3   | Reached skill level 6 in Fighting
 18652 | Lair:3   | Reached skill level 4 in Invocations
 18657 | Lair:3   | Noticed a seven-headed hydra
 19276 | Lair:3   | Got a warped scale mail
 19304 | Lair:3   | Reached skill level 5 in Invocations
 19403 | Lair:3   | Identified the +5 scale mail "Meud Fou" {*Confuse rPois rCorr Str+5} (You found it on level 3 of the Lair of Beasts)
 19540 | Lair:3   | Reached skill level 7 in Fighting
 19609 | Lair:3   | Noticed a four-headed hydra
 19764 | Lair:3   | Reached skill level 10 in Transmutations
 19833 | Lair:3   | Killed a seven-headed hydra
 19833 | Lair:3   | Reached skill level 6 in Invocations
 19833 | Lair:3   | Reached skill level 1 in Evocations
 20036 | Lair:3   | Got an ichor-stained mace
 20037 | Lair:3   | Identified the cursed +3 mace of Viomp {speed, +Rage Int+2} (You found it on level 3 of the Lair of Beasts)
 20061 | Lair:3   | Killed a four-headed hydra
 20061 | Lair:3   | Reached skill level 2 in Evocations
 20061 | Lair:3   | Reached XP level 13. HP: 78/78 MP: 12/19
 20679 | Lair:4   | Reached skill level 8 in Fighting
 20681 | Lair:4   | Reached skill level 3 in Evocations
 20865 | Lair:4   | Reached skill level 5 in Spellcasting
 20872 | Lair:4   | Reached skill level 7 in Invocations
 20950 | Lair:4   | Reached skill level 4 in Evocations
 21240 | Lair:4   | Identified a wand of teleportation (You found it on level 4 of the Lair of Beasts)
 21781 | Lair:5   | Found a staircase to the Snake Pit.
 21818 | Lair:5   | Reached skill level 5 in Evocations
 21986 | Lair:5   | Reached skill level 9 in Fighting
 22093 | Lair:5   | Reached skill level 8 in Invocations
 23331 | Lair:5   | Reached skill level 6 in Evocations
 24013 | Lair:6   | Noticed Maud
 24272 | Lair:6   | Reached skill level 9 in Invocations
 24600 | Lair:6   | Killed Maud
 24600 | Lair:6   | Reached skill level 10 in Fighting
 24600 | Lair:6   | Reached XP level 14. HP: 67/88 MP: 13/22
 24764 | Lair:6   | Reached skill level 6 in Spellcasting
 25233 | Lair:6   | Found a staircase to the Swamp.
 25615 | D:5      | Bought a scroll of identify for 22 gold pieces
 25615 | D:5      | Bought a scroll of identify for 22 gold pieces
 25615 | D:5      | Bought a scroll of identify for 22 gold pieces
 25621 | D:5      | Identified a potion of resistance
 25830 | Snake:1  | Entered Level 1 of the Snake Pit
 25928 | Snake:1  | Reached skill level 10 in Invocations
 26174 | Lair:5   | Reached skill level 7 in Spellcasting
 26650 | Lair:5   | Learned a level 2 spell: Stoneskin
 26657 | Lair:5   | Learned a level 6 spell: Statue Form
 26719 | Lair:7   | Reached skill level 1 in Earth Magic
 26950 | Lair:7   | Reached skill level 2 in Earth Magic
 27004 | Lair:7   | Reached skill level 3 in Earth Magic
 27309 | Lair:7   | Reached skill level 4 in Earth Magic
 27950 | Lair:8   | Entered Level 8 of the Lair of Beasts
 27982 | Lair:8   | Reached skill level 5 in Earth Magic
 27999 | Lair:8   | Found a dark tunnel.
 28791 | Lair:7   | Reached skill level 6 in Earth Magic
 28894 | Lair:7   | HP: 8/158 [six-headed hydra (14)]
 28894 | Lair:7   | Slain by a six-headed hydra

Vanquished Creatures
  Maud (Lair:6)
  8 hydras
  A catoblepas (Lair:5)
  Pikel (D:6)
  The ghost of Ohli the Covered, a novice MiFi of Okawaru (D:6)
  A mana viper (Snake:1)
  3 griffons
  A salamander (Snake:1)
  A naga mage (Snake:1)
  3 elephants
  8 spiny frogs
  7 black mambas
  12 komodo dragons
  A troll (D:9)
  A two-headed ogre (D:8)
  14 blink frogs
  4 polar bears
  A spriggan (Lair:7)
  30 yaks
  2 wyverns
  2 deep elf magi (D:9)
  A basilisk (Lair:3)
  11 hippogriffs
  A steam dragon (Lair:6)
  38 wolves
  2 soldier ants (D:8)
  6 swamp worms (Lair:6)
  7 water moccasins
  An ice beast (D:8)
  5 nagas
  Duvessa (D:7)
  3 orc warriors
  A sky beast (D:9)
  13 porcupines
  3 ogres
  2 black bears
  A centaur (D:8)
  3 slaves (D:6)
  2 big kobolds
  10 crocodiles
  Blork the orc (D:6)
  24 giant frogs
  A wyvern zombie (D:9)
  Dowan (D:7)
  4 scorpions
  2 killer bees (D:8)
  2 jellies
  A quasit (D:8)
  2 electric eels
  A centaur zombie (D:6)
  A giant frog zombie (D:5)
  2 hounds (D:9)
  11 orc wizards
  10 crimson imps
  2 giant frog skeletons
  4 orc priests
  4 hell rats (Lair:2)
  5 iguanas
  15 worker ants
  A killer bee zombie (D:8)
  28 sheep
  2 hound zombies
  2 hound skeletons
  10 gnolls
  40 river rats
  7 shadow imps
  9 adders
  An adder skeleton (D:5)
  3 worms
  3 giant geckos
  33 orcs
  4 bats
  11 giant cockroaches
  6 goblins
  11 hobgoblins
  4 jackals
  7 quokkas
  A ball python (D:4)
  2 giant gecko skeletons
  5 giant newts
  20 kobolds
  A quokka skeleton (D:4)
  18 rats
  52 fungi
  34 plants
622 creatures vanquished.

Vanquished Creatures (collateral kills)
  4 adders
  12 orcs
  A goblin (D:2)
  A rat (D:3)
18 creatures vanquished.

Vanquished Creatures (others)
  A phantom (D:5)
  A giant frog (D:6)
  An orc wizard (D:6)
  A gnoll (D:6)
  A river rat (Lair:8)
  2 orcs
  A giant cockroach (D:5)
  A quokka (D:6)
  A quokka zombie (D:5)
  2 bushes
  18 fungi
  6 plants
36 creatures vanquished.

Grand Total: 676 creatures vanquished
